[Event "Late-Titled-Tuesday-Blitz-January-23-2024"]
[Site "Chess.com"]
[Date "2024.01.23"]
[Round "5"]
[White "maurovargas01"]
[Black "Walter_White_Poland"]
[Result "0-1"]
[WhiteElo "1837"]
[BlackElo "2342"]
[TimeControl "180+1"]
[EndTime "14:53:10 PST"]
[Termination "Walter_White_Poland won by checkmate"]

1. e4 e6 2. f4 d5 3. e5 c5 4. Nf3 Nc6 5. Bb5 Bd7 6. Bxc6 Bxc6 7. O-O Nh6 8. h3 Nf5 9. g4 Nh4 10. Nxh4 Qxh4 11. Kh2 f6 12. Qe1 Qxe1 13. Rxe1 Kf7 14. exf6 gxf6 15. d3 Bd6 16. Nc3 b5 17. Bd2 b4 18. Ne2 h5 19. g5 fxg5 20. Kg1 g4 21.
Ng3 h4 22. Ne2 Rag8 23. Kh2 d4 24. Rg1 g3+ 25. Nxg3 hxg3+ 26. Rxg3 Rxg3 27. Kxg3 Rg8+ 28. Kh4 Bf3 29. f5 Be7+ 30. Bg5 Rxg5 31. fxe6+ Kg6 32. Rf1 Rg1# 0-1

[Event "Late-Titled-Tuesday-Blitz-January-23-2024"]
[Site "Chess.com"]
[Date "2024.01.23"]
[Round "5"]
[White "PNEPaul"]
[Black "SocoLoco"]
[Result "1-0"]
[WhiteElo "1911"]
[BlackElo "2191"]
[TimeControl "180+1"]
[EndTime "14:53:13 PST"]
[Termination "PNEPaul won by checkmate"]

1. e4 c5 2. Nf3 e6 3. d4 cxd4 4.
c3 d5 5. exd5 Qxd5 6. cxd4 Nf6 7. Be2 Be7 8. Nc3 Qd6 9. O-O O-O 10. h3 Rd8 11. Be3 Nc6 12. Qd2 a6 13. Rad1 Nb4 14.
Bf4 Qb6 15. Bg5 Nbd5 16. Nxd5 Rxd5 17. Bc4 Rd8 18. Bd3 h6 19. Bxh6 gxh6 20. Qxh6 Rd5 21.
Ng5 Qd8 22. Bh7+ Kh8 23. Bg6+ Kg8 24. Bxf7# 1-0

[Event "Late-Titled-Tuesday-Blitz-January-23-2024"]
[Site "Chess.com"]
[Date "2024.01.23"]
[Round "5"]
[White "OPQRC"]
[Black "LUISMIGUELOV"]
[Result "1-0"]
[WhiteElo "2528"]
[BlackElo "2173"]
[TimeControl "180+1"]
[EndTime "14:53:14 PST"]
[Termination "OPQRC won on time"]

1. e4 c6 2. d4 d5 3. e5 c5 4.
c3 Nc6 5. Nf3 Bg4 6. Bd3 cxd4 7.
cxd4 Qb6 8. O-O e6 9. Be3 Nge7 10. Nbd2 Nf5 11. h3 Bxf3 12. Nxf3 Be7 13. Bxf5 exf5 14. Qd3 g6 15. b3 a6 16. Rac1 Qb5 17. Qd2 O-O 18. Bg5 Bxg5 19. Qxg5 Rfe8 20. Qh6 Qe2 21. Rfe1 Qd3 22. Ng5 Nd8 23. Qxh7+ Kf8 24. Rc7 1-0

[Event "Late-Titled-Tuesday-Blitz-January-23-2024"]
[Site "Chess.com"]
[Date "2024.01.23"]
[Round "5"]
[White "ccccvhhhj"]
[Black "Maect19"]
[Result "0-1"]
[WhiteElo "2484"]
[BlackElo "2327"]
[TimeControl "180+1"]
[EndTime "14:53:15 PST"]
[Termination "Maect19 won by checkmate"]

1. e4 e6 2. Nf3 d5 3. e5 c5 4.
b4 Nc6 5. bxc5 Bxc5 6. d4 Be7 7. c3 h5 8. Bd3 Nh6 9. O-O Bd7 10. Na3 a6 11. Nc2 g6 12. Ne3 Nf5 13. Nxf5 gxf5 14. c4 dxc4 15. Bxc4 Na5 16. Bd3 Bc6 17. Be3 Bd5 18.
Nd2 Nc6 19. Nb3 Rg8 20. f3 Bg5 21. Qe2 Bxe3+ 22. Qxe3 Qh4 23. g3 f4 24. Kh1 fxg3 25. Qd2 g2+ 26. Kg1 gxf1=Q+ 27. Kxf1 Qh3+ 28. Ke1 Rg1+ 29. Ke2 Qxf3# 0-1

[Event "Late-Titled-Tuesday-Blitz-January-23-2024"]
[Site "Chess.com"]
[Date "2024.01.23"]
[Round "5"]
[White "carloseduar100"]
[Black "Balla_Tamas"]
[Result "0-1"]
[WhiteElo "2304"]
[BlackElo "2459"]
[TimeControl "180+1"]
[EndTime "14:53:16 PST"]
[Termination "Balla_Tamas won by resignation"]

1. d4 d5 2. c3 Nf6 3. Bg5 e6 4.
Nd2 c5 5. e4 dxe4 6. Nxe4 Be7 7.
Nxf6+ Bxf6 8. Bxf6 Qxf6 9. dxc5 O-O 10. Nf3 Nd7 11. Qd4 e5 12. Qe3 e4 13. Qxe4 Nxc5 14.
Qe3 Qc6 15. O-O-O Be6 16. Nd4 Qc7 17. Nxe6 Nxe6 18. Bd3 a6 19. Kb1 b5 20. h4 Nc5 21.
Bc2 a5 22. h5 h6 23. Rd5 Rac8 24. Rxc5 Qxc5 25. Qe4 f5 26. Qe6+ Kh8 27. f3 b4 28.
g4 bxc3 29. b3 Qa3 0-1

[Event "Late-Titled-Tuesday-Blitz-January-23-2024"]
[Site "Chess.com"]
[Date "2024.01.23"]
[Round "5"]
[White "GHANDEEVAM2003"]
[Black "MetiForce"]
[Result "1-0"]
[WhiteElo "3059"]
[BlackElo "2845"]
[TimeControl "180+1"]
[EndTime "14:53:18 PST"]
[Termination "GHANDEEVAM2003 won by resignation"]

1. Nf3 Nf6 2. b3 g6 3. Bb2 Bg7 4. g3 O-O 5. Bg2 b5 6. d4 Bb7 7.
Qd3 a6 8. Nbd2 d6 9. e4 c5 10. O-O cxd4 11. Nxd4 Nbd7 12. Rfe1 Rc8 13. Rad1 Nc5 14.
Qe3 e5 15. Ne2 Ng4 16. Qf3 f5 17. b4 Nxe4 18. Nxe4 Bxe4 19. Qb3+ Kh8 20. Nc3 Qb6 21. Re2 Bxg2 22. Kxg2 f4 23. Nd5 Qb7 24. gxf4 Rc4 25. f3 exf4 26. fxg4 f3+ 27. Qxf3 Qc8 28. Bxg7+ Kxg7 29. Re7+ Kh8 30. Nf6 Rxg4+ 31. Qxg4 Qxc2+ 32. Qe2 Qc6+ 33. Qe4 1-0

[Event "Late-Titled-Tuesday-Blitz-January-23-2024"]
[Site "Chess.com"]
[Date "2024.01.23"]
[Round "5"]
[White "deloewre"]
[Black "gomeschess02"]
[Result "1-0"]
[WhiteElo "2013"]
[BlackElo "2197"]
[TimeControl "180+1"]
[EndTime "14:53:19 PST"]
[Termination "deloewre won by resignation"]

1. d4 Nf6 2. Bf4 g6 3. Nf3 Bg7 4. Nc3 d6 5. e4 O-O 6. Be2 Nbd7 7. e5 dxe5 8. dxe5 Ng4 9. e6 fxe6 10. Ng5 Nxf2 11. Kxf2 Rxf4+ 12. Ke3 Rf5 13. Nce4 Rd5 14. Qf1 Bd4+ 15. Kd2 Nc5 16. Qf7+ 1-0

[Event "Late-Titled-Tuesday-Blitz-January-23-2024"]
[Site "Chess.com"]
[Date "2024.01.23"]
[Round "5"]
[White "otrov-11"]
[Black "Kostukov_Alex"]
[Result "1-0"]
[WhiteElo "2483"]
[BlackElo "2298"]
[TimeControl "180+1"]
[EndTime "14:53:21 PST"]
[Termination "otrov-11 won by checkmate"]

1. d4 g6 2. c4 Bg7 3. g3 d6 4.
Bg2 e5 5. Nf3 exd4 6. Nxd4 Ne7 7. O-O Nbc6 8. Nxc6 bxc6 9. Nc3 Rb8 10. Qc2 Be6 11. b3 O-O 12. Bb2 c5 13. Rad1 Qc8 14.
Rfe1 Bh3 15. Bh1 Qd7 16. e4 Nc6 17. Nd5 Nb4 18. Qb1 Nxd5 19. Rxd5 Bxb2 20. Qxb2 Be6 21. Rdd1 Bxc4 22. e5 Be6 23. exd6 cxd6 24. h3 Bxh3 25. Qf6 Be6 26. Re4 Qd8 27. Qf4 d5 28. Re5 Rb4 29. Qe3 d4 30. Qf4 Qd6 31. Rde1 d3 32.
Qd2 Rd4 33. R5e3 Bf5 34. Rc1 h5 35. Bf3 Rc8 36. Rce1 c4 37. bxc4 Rdxc4 38. Re7 Rc2 39. Qh6 Qf6 40. Re8+ Rxe8 41. Rxe8# 1-0

[Event "Late-Titled-Tuesday-Blitz-January-23-2024"]
[Site "Chess.com"]
[Date "2024.01.23"]
[Round "5"]
[White "Fandorine"]
[Black "Korchmar_Vasiliy"]
[Result "1-0"]
[WhiteElo "2976"]
[BlackElo "2737"]
[TimeControl "180+1"]
[EndTime "14:53:29 PST"]
[Termination "Fandorine won by resignation"]

1. d4 d5 2. Nf3 Nf6 3. c4 c6 4. Nc3 a6 5. g3 dxc4 6. e4 Bg4 7. e5 Nd5 8. Bxc4 e6 9. h3 Bh5 10. a3 Be7 11. O-O O-O 12. Qe2 Nd7 13. Bd3 Kh8 14.
Rd1 f6 15. g4 Bg6 16. Bxg6 hxg6 17. exf6 Bxf6 18. Ne4 e5 19. g5 Be7 20. dxe5 Nc5 21.
Ng3 Nb3 22. Nh4 Nxa1 23. Nxg6+ Kg8 24. e6 Nb3 25. Qh5 1-0

[Event "Late-Titled-Tuesday-Blitz-January-23-2024"]
[Site "Chess.com"]
[Date "2024.01.23"]
[Round "5"]
[White "KacperPolOK"]
[Black "GP9isback23"]
[Result "0-1"]
[WhiteElo "2459"]
[BlackElo "2624"]
[TimeControl "180+1"]
[EndTime "14:53:30 PST"]
[Termination "GP9isback23 won by resignation"]

1. e4 c6 2. Nc3 d5 3. Nf3 Bg4 4. h3 Bxf3 5. Qxf3 e6 6. d3 Nf6 7. g4 Bb4 8. Bd2 d4 9. Nb1 Bxd2+ 10. Nxd2 e5 11. Qg3 Nbd7 12. f4 exf4 13. Qxf4 Qb8 14.
Qxb8+ Rxb8 15. h4 Nxg4 16. Bh3 Nge5 17. Bxd7+ Nxd7 18. Ke2 O-O 19. Rhg1 f5 20. Rg5 Rbe8 21. Rag1 Re7 22. Kd1 fxe4 23. Nxe4 Ne5 24. R5g3 b6 25. h5 h6 26. c3 dxc3 27. bxc3 c5 28. Kd2 Nf3+ 29.
Ke3 Nxg1 30. Rxg1 Rf5 31. a4 Kh7 32. a5 Rxh5 33. axb6 axb6 34. Kf4 Rf7+ 35. Kg4 Rd5 36. Rg3 g5 37. Kh5 Rf4 38. Rh3 Kg7 39. Ng3 g4+ 40.
Kh4 gxh3+ 0-1

[Event "Late-Titled-Tuesday-Blitz-January-23-2024"]
[Site "Chess.com"]
[Date "2024.01.23"]
[Round "5"]
[White "Bkmzzzzz"]
[Black "AlexSuv"]
[Result "1-0"]
[WhiteElo "2427"]
[BlackElo "2561"]
[TimeControl "180+1"]
[EndTime "14:53:30 PST"]
[Termination "Bkmzzzzz won by resignation"]

1. e4 c5 2. Nf3 d6 3. d4 cxd4 4. Qxd4 Nf6 5. Nc3 a6 6. Be3 Nc6 7. Qb6 Qxb6 8. Bxb6 e6 9. O-O-O Be7 10. Be2 Bd7 11. Bc7 b5 12. a3 d5 13. exd5 exd5 14. Nxd5 Nxd5 15. Rxd5 Rc8 16. Bd6 Be6 17. Rd2 Bf6 18.
Rhd1 g5 19. h3 h5 20. Kb1 g4 21. hxg4 hxg4 22. Nh2 Rg8 23. g3 Bg5 24. Rd3 Bc4 25. Bxg4 Bxd3 26. Bxc8 Bg6 27. Bxa6 Rh8 28. Bxb5 Be4 29.
f3 Bxc2+ 30. Kxc2 Rxh2+ 31. Kb1 Bf6 32. Bxc6+ Kd8 33. Be5+ Ke7 34. Bxf6+ 1-0

[Event "Late-Titled-Tuesday-Blitz-January-23-2024"]
[Site "Chess.com"]
[Date "2024.01.23"]
[Round "5"]
[White "sofaceindisguise"]
[Black "Grischuk"]
[Result "0-1"]
[WhiteElo "2764"]
[BlackElo "3065"]
[TimeControl "180+1"]
[EndTime "14:53:33 PST"]
[Termination "Grischuk won by resignation"]

1. e4 e5 2. Nf3 Nc6 3. Bc4 Bc5 4. d3 Nf6 5. h3 d6 6. a4 O-O 7. c3 a6 8. O-O Ba7 9. Na3 h6 10. Nc2 Ne7 11. Re1 Ng6 12. Be3 Bxe3 13. Nxe3 c6 14. Bb3 Re8 15. a5 d5 16. exd5 cxd5 17. d4 e4 18. Ne5 Nxe5 19. dxe5 Rxe5 20. Qd4 Rg5 21. h4 Rh5 22. g3 Bg4 23. Nxg4 Nxg4 24. Bd1 Qc8 25. c4 Qe6 26. cxd5 Rxd5 27. Bxg4 Rxd4 28.
Bxe6 fxe6 29. Rac1 Rb4 30. Re2 Rf8 31. Rce1 Rf5 32.
Rxe4 Rxb2 33. R1e3 0-1

[Event "Late-Titled-Tuesday-Blitz-January-23-2024"]
[Site "Chess.com"]
[Date "2024.01.23"]
[Round "5"]
[White "reevecanada"]
[Black "ITheOnlyME"]
[Result "1-0"]
[WhiteElo "2640"]
[BlackElo "2393"]
[TimeControl "180+1"]
[EndTime "14:53:35 PST"]
[Termination "reevecanada won by resignation"]

1. e4 c5 2. Nf3 g6 3. d4 cxd4 4. Qxd4 Nf6 5. e5 Nc6 6. Qa4 Nd5 7. Qh4 d6 8. Bc4 dxe5 9. O-O e6 10. Bg5 Be7 11.
Qh6 Nb6 12. Bb3 Bd7 13. Nc3 Bxg5 14. Nxg5 Qe7 15. Qg7 O-O-O 16. Nce4 f5 17. Qxe7 Nxe7 18. Nd6+ Kc7 19. Ndf7 Ned5 20. Nxh8 Rxh8 21. Nf7 Rc8 22. Nxe5 Bb5 23. c4 Kd6 24. Nf7+ Ke7 25. cxd5 Bxf1 26. Kxf1 Kxf7 27. dxe6+ Ke7 28. Rd1 Rc6 29. Rd4 a5 30. a4 Rc1+ 31. Ke2 Rb1 32. Rd2 Rc1 33. h4 Nc4 34. Rd7+ Kxe6 35. Rd4 Ke5 36. Rxc4 Rb1 37. Rc5+ Kf4 38. g3+ Ke4 39. Bc2+ Kd4 40. Bxb1 Kxc5 41.
Bc2 Kb4 42. f3 b5 43. axb5 Kxb5 44. Ke3 Kc4 45. g4 1-0

[Event "Late-Titled-Tuesday-Blitz-January-23-2024"]
[Site "Chess.com"]
[Date "2024.01.23"]
[Round "5"]
[White "Flameboard08"]
[Black "GoltsevDmitry2000"]
[Result "0-1"]
[WhiteElo "2569"]
[BlackElo "2816"]
[TimeControl "180+1"]
[EndTime "14:53:38 PST"]
[Termination "GoltsevDmitry2000 won by checkmate"]

1. f4 e5 2. fxe5 d6 3. exd6 Bxd6 4. Nf3 Nc6 5. d4 Nf6 6. Nc3 O-O 7. Bg5 Re8 8. e4 Nxe4 9. Nxe4 Rxe4+ 10. Be2 Qe8 11. Kf2 h6 12. Bc1 Bg4 13. c3 Qe7 14. Bd3 f5 15.
Qb3+ Kh8 16. Bd2 Re8 17. Rae1 Bxf3 18. Kxf3 Qh4 19. g3 Qh5+ 20. Kf2 Rxe1 21. Bxe1 f4 22. g4 Qh4+ 23. Kf1 Qh3+ 24. Kg1 Rxe1+ 25. Kf2 Rxh1 26. Qf7 Qe3+ 27. Kg2 Rg1# 0-1

[Event "Late-Titled-Tuesday-Blitz-January-23-2024"]
[Site "Chess.com"]
[Date "2024.01.23"]
[Round "5"]
[White "eCztery"]
[Black "DefiantChair"]
[Result "0-1"]
[WhiteElo "2438"]
[BlackElo "2592"]
[TimeControl "180+1"]
[EndTime "14:53:39 PST"]
[Termination "DefiantChair won by checkmate"]

1. e4 c5 2. Nf3 d6 3. d4 cxd4 4. Qxd4 Nc6 5. Bb5 Bd7 6. Bxc6 Bxc6 7. Nc3 Nf6 8. Bg5 e6 9. O-O-O Be7 10. Rhe1 O-O 11.
Kb1 h6 12. h4 hxg5 13. hxg5 e5 14. Qe3 Nh7 15. Rh1 Bxg5 16. Nxg5 Qxg5 17. Qh3 Qg6 18.
Rxd6 f6 19. Rd3 Ng5 20. Qg4 Rfd8 21. Nd5 Bxd5 22. exd5 Qe4 23. Qh5 Qxg2 24. Rg3 Qxd5 25. b3 a5 26. Rd3 Qc6 27. Rg3 a4 28. Rxg5 fxg5 29. Qh7+ Kf7 30. Rh3 Rd1+ 31. Kb2 a3# 0-1

[Event "Late-Titled-Tuesday-Blitz-January-23-2024"]
[Site "Chess.com"]
[Date "2024.01.23"]
[Round "5"]
[White "Sargsyan_Shant"]
[Black "dozer80"]
[Result "1-0"]
[WhiteElo "2917"]
[BlackElo "2712"]
[TimeControl "180+1"]
[EndTime "14:53:41 PST"]
[Termination "Sargsyan_Shant won by resignation"]

1. c4 e5 2. g3 c6 3. d4 exd4 4. Qxd4 d5 5. Bg2 Nf6 6. cxd5 cxd5 7. Nf3 Nc6 8. Qa4 Be7 9. O-O O-O 10. Rd1 Be6 11. Nc3 Qb6 12. Qb5 Bc5 13. Qxb6 axb6 14.
Bg5 Ne4 15. Rf1 Nxc3 16. bxc3 Ra3 17. Rfc1 Rfa8 18. Rc2 Bf5 19. Rcc1 Rxa2 20. Rxa2 Rxa2 21. e3 h6 22. Bf4 Be4 23. h4 Ba3 24. Rd1 Rc2 25.
Nd4 Nxd4 26. Rxd4 Bc5 27. Bxe4 Rc1+ 28. Kg2 Bxd4 29. exd4 Rxc3 30. Bxd5 Rd3 31. Be3 b5 32. Kf3 b4 33. Ke2 Rc3 34. Bd2 Rc7 35. Bb3 1-0

[Event "Late-Titled-Tuesday-Blitz-January-23-2024"]
[Site "Chess.com"]
[Date "2024.01.23"]
[Round "5"]
[White "sergeikim"]
[Black "mjelcic"]
[Result "1-0"]
[WhiteElo "2423"]
[BlackElo "2215"]
[TimeControl "180+1"]
[EndTime "14:53:44 PST"]
[Termination "sergeikim won by checkmate"]

1. d4 d5 2. c4 dxc4 3. e3 e6 4. Bxc4 c5 5. Nf3 Nf6 6. O-O a6 7. Qe2 b5 8. Bb3 Bb7 9. Rd1 Nbd7 10. Nc3 Bd6 11. e4 cxd4 12. Nxd4 O-O 13. Nxe6 Bxh2+ 14. Kxh2 fxe6 15. e5 Nd5 16. Nxd5 Bxd5 17. Bxd5 exd5 18. e6 Qh4+ 19. Kg1 Nf6 20. f3 Rfe8 21. Qe5 Rac8 22. Bg5 Qc4 23. Rac1 Qxa2 24. Rxc8 Rxc8 25. Bxf6 gxf6 26.
Qxf6 Qb3 27. Re1 Rf8 28. Qg5+ Kh8 29. e7 Re8 30. Qf6+ Kg8 31. Re5 Qd1+ 32. Kh2 Rxe7 33. Rxe7 Qe1 34. Qg7# 1-0

[Event "Late-Titled-Tuesday-Blitz-January-23-2024"]
[Site "Chess.com"]
[Date "2024.01.23"]
[Round "5"]
[White "CarrotsandPizza"]
[Black "rikchessmx"]
[Result "0-1"]
[WhiteElo "2543"]
[BlackElo "2402"]
[TimeControl "180+1"]
[EndTime "14:53:46 PST"]
[Termination "rikchessmx won on time"]

1. e4 c5 2. Nf3 e6 3. d4 cxd4 4. Nxd4 a6 5. c4 Qc7 6. Nc3 Nf6 7. Be2 Bc5 8. Nc2 h5 9. Be3 b6 10. b4 Bxe3 11. Nxe3 Bb7 12. f3 h4 13. O-O Nh5 14.
Re1 Nf4 15. Bf1 Qe5 16. Qd2 Nc6 17. a3 Ne7 18. Rad1 Rd8 19. Qd4 Qg5 20. Kh1 Neg6 21. Qxb6 Ba8 22. Qd6 Ne5 23. b5 axb5 24. cxb5 Rh6 25.
a4 Rg6 0-1

[Event "Late-Titled-Tuesday-Blitz-January-23-2024"]
[Site "Chess.com"]
[Date "2024.01.23"]
[Round "5"]
[White "Kazan28"]
[Black "Boninknights"]
[Result "1/2-1/2"]
[WhiteElo "2599"]
[BlackElo "2379"]
[TimeControl "180+1"]
[EndTime "14:53:46 PST"]
[Termination "Game drawn by repetition"]

1. d4 Nf6 2. Nf3 d6 3. Nc3 Bf5 4. Nh4 Bd7 5. Nf3 Nc6 6. e4 e5 7. Bb5 exd4 8. Nxd4 Be7 9. O-O O-O 10. Bxc6 bxc6 11. Qf3 c5 12. Nf5 Bxf5 13. Qxf5 Qc8 14.
Qxc8 Rfxc8 15. b3 Nd7 16. Nd5 Bd8 17. Bb2 c6 18. Ne3 Bf6 19. Bxf6 Nxf6 20. f3 Re8 21.
Rfe1 d5 22. exd5 cxd5 23. Kf2 a5 24. Nf5 g6 25. Ne3 a4 26. Rad1 axb3 27. axb3 Ra2 28.
Nxd5 Rxc2+ 29. Kg3 Nh5+ 30. Kh3 Rxe1 31. Rxe1 Rd2 32. g4 Rxd5 33. gxh5 Rxh5+ 34. Kg3 Rd5 35. Re4 Rd3 36. b4 cxb4 37. Rxb4 h5 38. h4 Kg7 39. Rb7 Kf6 40. Ra7 Ke6 41. Ra6+ Ke5 42. Ra7 f6 43. Rg7 Kf5 44. Rf7 Ke6 45. Rg7 Kf5 46. Rf7 Ra3 47.
Rf8 g5 48. hxg5 Kxg5 49. Rg8+ Kf5 50. Rh8 Kg5 51. Rg8+ Kf5 52. Rh8 Kg5 53. Rg8+ 1/2-1/2

[Event "Late-Titled-Tuesday-Blitz-January-23-2024"]
[Site "Chess.com"]
[Date "2024.01.23"]
[Round "5"]
[White "iturrizaga"]
[Black "MightyGMpretender"]
[Result "1-0"]
[WhiteElo "3019"]
[BlackElo "2759"]
[TimeControl "180+1"]
[EndTime "14:53:47 PST"]
[Termination "iturrizaga won by resignation"]

1. c4 Nf6 2. Nc3 c5 3. Nf3 d5 4. cxd5 Nxd5 5. e3 e6 6. Bc4 Nc6 7. O-O Be7 8. Qe2 O-O 9. Rd1 b6 10.
d4 cxd4 11. Nxd5 exd5 12. Bb5 Bb7 13. Bxc6 Bxc6 14. Nxd4 Bb7 15. b3 Rc8 16. Bb2 Bf6 17. Nf5 Rc6 18. Rac1 Bxb2 19. Qxb2 Rg6 20. Qe5 Re8 21.
Qc7 Qg5 22. Ng3 Ba8 23. Rd4 h6 24. Qxa7 h5 25. h4 Qe5 26. Qc7 Qe6 27. Nxh5 Rg4 28.
Nf4 Qh6 29. Qd7 1-0

[Event "Late-Titled-Tuesday-Blitz-January-23-2024"]
[Site "Chess.com"]
[Date "2024.01.23"]
[Round "5"]
[White "dolynachess"]
[Black "TheMagician"]
[Result "0-1"]
[WhiteElo "2494"]
[BlackElo "2139"]
[TimeControl "180+1"]
[EndTime "14:53:47 PST"]
[Termination "TheMagician won by resignation"]

1. d4 Nf6 2. c4 e6 3. g3 Bb4+ 4. Nd2 O-O 5. Bg2 d5 6. Nf3 dxc4 7. Qc2 c5 8. dxc5 c3 9. bxc3 Bxc5 10. O-O Bd7 11. Ne5 Qc7 12. Nxd7 Nbxd7 13. Nb3 Rac8 14.
Bf4 e5 15. Nxc5 Qxc5 16. Be3 Qc7 17. Rfc1 b6 18. a4 h6 19. a5 Ng4 20. Bd2 Qc5 21.
Be1 Ngf6 22. axb6 axb6 23. Qf5 Rc7 24. c4 Rfc8 25. h3 e4 26. Bd2 Qxf5 0-1

[Event "Late-Titled-Tuesday-Blitz-January-23-2024"]
[Site "Chess.com"]
[Date "2024.01.23"]
[Round "5"]
[White "yaguigor"]
[Black "almaguerjm"]
[Result "1-0"]
[WhiteElo "2638"]
[BlackElo "2473"]
[TimeControl "180+1"]
[EndTime "14:53:48 PST"]
[Termination "yaguigor won by resignation"]

1. d4 d5 2. c4 e6 3. Nc3 Nf6 4. Nf3 Bb4 5. Bg5 c5 6. cxd5 exd5 7. e3 Qa5 8. Bxf6 Bxc3+ 9. bxc3 Qxc3+ 10. Nd2 gxf6 11.
Rc1 Qa3 12. Rxc5 Nc6 13. Qb3 Qxb3 14. Nxb3 Be6 15. Bb5 Rg8 16. Na5 O-O-O 17. Bxc6 b6 18. Rc3 bxa5 19. Ke2 Kc7 20. Bxd5+ Kd6 21. Bxe6 fxe6 22.
g3 Rb8 23. Ra3 Rb5 24. Rc1 Rgb8 25. Kf3 h5 26. Rc2 h4 27. g4 f5 28. h3 fxg4+ 29. hxg4 Rg5 30. Rc5 Rf8+ 31. Ke2 Rxg4 32. Raxa5 Rg2 33.
Ra6+ Ke7 34. Rxa7+ Kd6 35. Ra6+ Kd7 36. Rh5 Rfxf2+ 37.
Kd3 Rd2+ 38. Ke4 Rg4+ 39. Ke5 Rdg2 40. Rh7+ 1-0

[Event "Late-Titled-Tuesday-Blitz-January-23-2024"]
[Site "Chess.com"]
[Date "2024.01.23"]
[Round "5"]
[White "zverr1"]
[Black "ArtemDyachuk"]
[Result "0-1"]
[WhiteElo "2520"]
[BlackElo "2621"]
[TimeControl "180+1"]
[EndTime "14:53:52 PST"]
[Termination "ArtemDyachuk won on time"]

1. e4 c5 2. Nf3 d6 3. Nc3 a6 4. d4 cxd4 5. Nxd4 Nf6 6. h3 e5 7. Nde2 Be6 8. g4 d5 9. exd5 Nxd5 10. Bg2 Nxc3 11. Qxd8+ Kxd8 12. Nxc3 Nc6 13. Be3 Kc7 14.
Nd5+ Bxd5 15. Bxd5 f6 16. O-O-O Bd6 17. Be4 Rad8 18. Rd2 h5 19. g5 Ne7 20. gxf6 gxf6 21. Rhd1 f5 22. Bxb7 f4 23. Bb6+ Kxb6 24. Rxd6+ Rxd6 25.
Rxd6+ Kxb7 26. Rd7+ Kc6 27. Rxe7 Kd5 28. Kd2 Ke4 29.
Ke2 f3+ 30. Kd2 Rd8+ 31. Kc3 Rd1 32. Re6 Rf1 33. Rxa6 Rxf2 34. a4 Rg2 35. Rf6 f2 36. Kb4 Ke3 37. a5 Ke2 0-1

[Event "Late-Titled-Tuesday-Blitz-January-23-2024"]
[Site "Chess.com"]
[Date "2024.01.23"]
[Round "5"]
[White "colegiodemadrid"]
[Black "kingofthenil"]
[Result "1/2-1/2"]
[WhiteElo "2510"]
[BlackElo "2682"]
[TimeControl "180+1"]
[EndTime "14:53:54 PST"]
[Termination "Game drawn by repetition"]

1. e4 Nc6 2. Nf3 d5 3. exd5 Qxd5 4. d4 Bg4 5. Be2 O-O-O 6. Be3 e5 7. dxe5 Qxd1+ 8. Bxd1 Nxe5 9. Nbd2 Ng6 10. Ng5 Bxd1 11. Rxd1 Nh6 12. O-O f6 13. Ne6 Re8 14. Nxf8 Rhxf8 15.
Bxh6 gxh6 16. Rfe1 f5 17. Nf3 b6 18. Kf1 a5 19. a4 Re4 20. b3 Nf4 21. Nd2 Rxe1+ 22.
Rxe1 Rd8 23. Nc4 Rd5 24. Re7 Rd1+ 25. Re1 Rxe1+ 26. Kxe1 Nxg2+ 27. Ke2 Nf4+ 28. Ke3 Ne6 29. Ne5 h5 30. Nd3 Kd7 31. Nf4 Ng7 32. Kd4 Kd6 33. h4 c6 34. c3 b5 35. c4 c5+ 36. Ke3 b4 37. Kd3 Ke5 38. Ke3 Ne6 39. Nxe6 Kxe6 40. f4 Kd7 41. Ke2 Kc7 42. Kf1 Kd8 43. Kg1 Ke8 44. Kh1 Kf8 45. Kg1 Kg8 46. Kh1 Kh8 47.
Kg1 Kg7 48. Kh1 Kf6 49. Kg1 Ke6 50. Kh1 Kf6 51. Kg2 Kg6 52. Kh1 Kg7 53. Kg1 Kf6 54.
Kh1 Ke7 55. Kg1 Kd6 56. Kh1 Kc7 57. Kg1 Kc8 58. Kf1 Kd8 59. Kg1 Ke8 60. Kh1 Kf8 61.
Kg1 Kg8 62. Kh1 Kh8 63. Kg1 Kg7 64. Kh1 Kg6 65. Kg1 Kf6 66. Kh1 h6 67. Kg1 Kf7 68. Kh1 Ke7 69. Kg1 Kd7 70. Kh1 Kc7 71. Kg1 Kb6 72.
Kh1 Ka6 73. Kg1 Ka7 74. Kh1 Ka8 75. Kg1 Kb8 76. Kh1 Kc8 77. Kg1 Kd8 78. Kh1 Ke8 79.
Kg1 Kf8 80. Kh1 Kg8 81. Kg1 Kh8 82. Kh1 Kh7 83. Kg1 Kg7 84. Kh1 Kf7 85. Kg1 Ke7 86.
Kh1 Kd7 87. Kg1 Kc7 88. Kh1 Kb7 89. Kg1 Ka7 90. Kh1 Ka6 91. Kg1 Kb6 92. Kh1 Kc6 93. Kg1 Kd6 94. Kh1 Ke6 95. Kg1 Kf6 96. Kh1 Kg6 97. Kg1 Kh7 98. Kh1 Kg8 99. Kg1 Kf8 100.
Kh1 Ke8 101. Kg1 Kd8 102. Kh1 Kc8 103. Kg1 Kb8 104. Kh1 Ka8 105. Kg1 Ka7 1/2-1/2

[Event "Late-Titled-Tuesday-Blitz-January-23-2024"]
[Site "Chess.com"]
[Date "2024.01.23"]
[Round "5"]
[White "ClayK1ng"]
[Black "Quattroporte300"]
[Result "0-1"]
[WhiteElo "2256"]
[BlackElo "2432"]
[TimeControl "180+1"]
[EndTime "14:53:55 PST"]
[Termination "Quattroporte300 won by resignation"]

1. e4 c5 2. Nf3 d6 3. d4 cxd4 4.
Nxd4 Nf6 5. Nc3 a6 6. Be3 e6 7. g3 b5 8. Bg2 Bb7 9. a3 Nbd7 10. O-O Qc7 11. Re1 Be7 12. a4 b4 13.
Na2 Nxe4 14. Nxb4 d5 15. Nd3 O-O 16. a5 Rac8 17. c3 Bd6 18. Qe2 Rfd8 19. Red1 h6 20. h4 Ndf6 21. Nb4 h5 22. Nxa6 Bxa6 23. Qxa6 Ng4 24.
Nb5 Qb8 25. Bxe4 Bxg3 26. Qa7 Bxf2+ 27. Kf1 Qxb5+ 28. Bd3 Qxb2 29. Rd2 0-1

[Event "Late-Titled-Tuesday-Blitz-January-23-2024"]
[Site "Chess.com"]
[Date "2024.01.23"]
[Round "5"]
[White "ImportedItalianMaple"]
[Black "GoValya"]
[Result "1-0"]
[WhiteElo "2435"]
[BlackElo "2290"]
[TimeControl "180+1"]
[EndTime "14:53:56 PST"]
[Termination "ImportedItalianMaple won by resignation"]

1. e4 e6 2. d4 d5 3. Nc3 Nf6 4. e5 Nfd7 5. f4 c5 6. Nf3 Nc6 7. Be3 a6 8. Qd2 Be7 9. O-O-O b5 10.
dxc5 Nxc5 11. Nd4 Nxd4 12. Bxd4 O-O 13. g4 b4 14. Ne2 Ne4 15. Qe3 Bd7 16. Ng3 Rc8 17.
Kb1 Qc7 18. Bd3 Bb5 19. Nxe4 Bxd3 20. Qxd3 dxe4 21. Qxe4 a5 22. h4 a4 23. f5 Bc5 24. f6 g6 25. h5 a3 26. hxg6 fxg6 27. Bxc5 Qxc5 28. Rxh7 Rxf6 29. exf6 Kxh7 30. Rh1+ 1-0

[Event "Late-Titled-Tuesday-Blitz-January-23-2024"]
[Site "Chess.com"]
[Date "2024.01.23"]
[Round "5"]
[White "GothamChess"]
[Black "Road2GM3000"]
[Result "0-1"]
[WhiteElo "2773"]
[BlackElo "2487"]
[TimeControl "180+1"]
[EndTime "14:53:59 PST"]
[Termination "Road2GM3000 won by resignation"]

1. e4 c5 2. Nc3 d6 3. d4 cxd4 4. Qxd4 Nc6 5. Qd2 Nf6 6. b3 e6 7.
Bb2 a6 8. O-O-O Be7 9. f3 O-O 10. g4 Nd7 11. h4 b5 12. g5 Nc5 13. Kb1 b4 14. Nce2 a5 15. Nd4 Nxd4 16. Qxd4 e5 17. Qe3 a4 18. Bc4 Be6 19. Bd5 axb3 20. axb3 Bxd5 21. Rxd5 Qa5 22. Rxc5 dxc5 23. Qe2 c4 24. Qxc4 Rfc8 25. Qd3 Rc3 26. Qe2 Qa2+ 27. Kc1 Qxb3 28. Bxc3 Qxc3 0-1

[Event "Late-Titled-Tuesday-Blitz-January-23-2024"]
[Site "Chess.com"]
[Date "2024.01.23"]
[Round "5"]
[White "SmirnovTimofey2000"]
[Black "ItalianMachine"]
[Result "0-1"]
[WhiteElo "1967"]
[BlackElo "2365"]
[TimeControl "180+1"]
[EndTime "14:53:59 PST"]
[Termination "ItalianMachine won by checkmate"]

1. e4 e5 2. Nf3 Nc6 3. Bc4 Nf6 4. Ng5 d5 5. exd5 Na5 6. Bb5+ c6 7. dxc6 bxc6 8. Bd3 Nd5 9. Nf3 Nf4 10. O-O Nxd3 11. cxd3 Bd6 12. Re1 f6 13. d4 O-O 14. dxe5 fxe5 15.
Nxe5 Qf6 16. Nf3 Bg4 17. Re3 Qf4 18. g3 Bxf3 19. gxf4 Bxd1 20. d4 Bh5 21. Nc3 Bxf4 22. Rh3 Bxc1 23. Rxc1 Bg6 24. d5 cxd5 25. Nxd5 Rae8 26. Rc7 Re1+ 27. Kg2 Be4+ 28. Kg3 Rg1+ 29. Kh4 Bxd5 30. Rc5 Rf4+ 31. Kh5 Bf7# 0-1